 Dungeon Crawl Stone Soup version 0.32-a0-705-g60f233581c (webtiles) character file.

Game seed: 4760943778324341927

266930 ragingrage the Fetichist (level 20, 0/165 HPs)
             Began as a Coglin Wanderer on Mar 15, 2024.
             Was a High Priest of Uskayaw.
             Slain by a merfolk
             ... wielding a +2 heavy halberd
             ... led by a merfolk impaler
              (2 damage)
             ... on level 3 of the Shoals.
             The game lasted 01:09:45 (51472 turns).

ragingrage the Fetichist (Coglin Wanderer)         Turns: 51472, Time: 01:09:46

Health: 0/165      AC: 26    Str: 13    XL:     20   Next: 52%
Magic:  34/34      EV: 17    Int: 12    God:    Uskayaw [*****.]
Gold:   1981       SH:  0    Dex: 25    Spells: 34/40 levels left

rFire   . . .        Z - +2 scimitar (protect) {Ximena}
rCold   + . .        F - +4 scimitar (flame) {Isabel}
rNeg    . . .        n - +3 scale mail {rPois}
rPois   +            T - +2 helmet {Int+3}
rElec   +            x - +1 cloak {Stlth+}
rCorr   .            h - +0 pair of gloves
SInv    .            O - +3 pair of mountain boots {steadfast, rC+}
Will    +....        (amulet unavailable)
Stlth   +++          (ring unavailable)
HPRegen 0.47/turn    (ring unavailable)
MPRegen 0.24/turn    y - hydrotungsten module {Rampage Acrobat rElec Slay+3}

%: acrobat, rampage
@: about to teleport, afraid, under a protective aura, revved
A: off-hand wielding, slow wielding, warmup strikes, no jewellery
}: 1/15 runes: serpentine
a: Renounce Religion, Stomp, Line Pass, Grand Finale


You were on level 3 of the Shoals.
You worshipped Uskayaw.
Uskayaw was pleased with you.
You visited 5 branches of the dungeon, and saw 29 of its levels.
You also visited: Bailey and Gauntlet.

You collected 3500 gold pieces.
You spent 1519 gold pieces at shops.

Inventory:

Hand Weapons
 F - a +4 scimitar of flaming (offhand) {Isabel}
 Z - a +2 scimitar of protection (weapon) {Ximena}
Missiles
 a - 7 throwing nets
 q - 21 poisoned darts
 Q - 7 javelins
 R - 7 curare-tipped darts (quivered)
Armour
 g - a +2 robe of resistance
 h - a +0 pair of gloves (worn)
 i - +0 ice dragon scales
 n - a +3 scale mail of poison resistance (worn)
 u - a scarf of invisibility
 x - a +1 cloak of stealth (worn)
 O - the +3 pair of mountain boots (worn) {steadfast, rC+}
   (You found it in a Gauntlet)

   Steadfast: It prevents involuntary movement, except for blinking,
   teleportation, or banishment.
   rC+:       It protects you from cold.
 T - a +2 helmet of intelligence (worn)
 U - the +0 chain mail "Pexzesic" {rElec rF+ rC+ Dex-5}
   (You found it on level 1 of the Lair of Beasts)

   Dex-5:     It affects your dexterity (-5).
   rF+:       It protects you from fire.
   rC+:       It protects you from cold.
   rElec:     It insulates you from electricity.
Gizmo
 y - a hydrotungsten module (installed) {Rampage Acrobat rElec Slay+3}
   (You invented it yourself on level 5 of the Lair of Beasts)

   [hydrotungsten module]

   Slay+3:    It affects your accuracy & damage with ranged weapons and melee
   (+3).
   rElec:     It insulates you from electricity.
   Rampage:   It bestows one free step when moving towards enemies.
   Acrobat:   It increases your evasion after moving or waiting.
Wands
 b - a wand of paralysis (41)
 e - a wand of light (5)
 v - a wand of digging (6)
 L - a wand of flame (40)
 M - a wand of mindburst (4)
 W - a wand of polymorph (16)
 Y - a wand of roots (3)
Scrolls
 d - 3 scrolls of poison
 l - a scroll of silence
 m - 4 scrolls of noise
 o - 11 scrolls of teleportation
 r - 5 scrolls of immolation
 w - 5 scrolls of revelation
 z - 3 scrolls of vulnerability
 C - 4 scrolls of torment
 J - 5 scrolls of fog
 K - 3 scrolls of fear
 N - 3 scrolls of blinking
 P - 6 scrolls of identify
Potions
 f - 3 potions of haste
 j - 6 potions of curing
 k - 4 potions of heal wounds
 p - 2 potions of berserk rage
 s - 4 potions of mutation
 t - 5 potions of brilliance
 A - 8 potions of ambrosia
 B - 8 potions of enlightenment
 D - 4 potions of resistance
 E - 4 potions of attraction
 G - a potion of cancellation
 H - 3 potions of magic
 I - 2 potions of might
 X - 2 potions of invisibility
Miscellaneous
 S - a sack of spiders (inert)


   Skills:
 - Level 16.2 Fighting
 - Level 5.4(10.0) Short Blades
 - Level 14.0(14.4) Long Blades
 - Level 2.0 Throwing
 - Level 1.0 Armour
 + Level 13.8 Dodging
 - Level 4.0 Stealth
 - Level 10.8 Spellcasting
 - Level 12.0 Invocations
 - Level 17.0 Evocations


You had 34 spell levels left.
You knew the following spells:

 Your Spells              Type           Power      Damage    Failure   Level
a - Blink                 Tloc           12%        N/A       63%         2
b - Passwall              Erth           6%         N/A       85%         3
c - Apportation           Tloc           12%        N/A       47%         1

Your spell library contained the following spells:

 Spells                   Type           Power      Damage    Failure   Level
 Freeze                   Ice            24%        1d4       47%         1
 Necrotise                Necr           24%        1d5       47%         1
 Slow                     Hex            24%        N/A       47%         1
 Sting                    Conj/Alch      24%        1d4       47%         1
 Summon Small Mammal      Summ           24%        N/A       47%         1
 Ensorcelled Hibernation  Hex/Ice        12%        N/A       63%         2
 Lesser Beckoning         Tloc           12%        N/A       63%         2
 Mercury Vapours          Alch/Air       12%        N/A       63%         2
 Momentum Strike          Conj/Tloc      12%        3d8       63%         2
 Dazzling Flash           Conj/Hex       12%        N/A       85%         3
 Frozen Ramparts          Ice            12%        1d2       85%         3
 Hailstorm                Conj/Ice       6%         3d5       85%         3
 Mephitic Cloud           Conj/Alch/Air  6%         N/A       85%         3
 Ozocubu's Armour         Ice            6%         N/A       85%         3
 Swiftness                Air            6%         N/A       85%         3
 Tukima's Dance           Hex            6%         N/A       85%         3
 Animate Dead             Necr           6%         N/A       99%         4
 Dimensional Bullseye     Hex/Tloc       3%         N/A       99%         4
 Ignite Poison            Fire/Alch      6%         N/A       99%         4
 Iskenderun's Mystic Bla  Conj/Tloc      6%         2d4       99%         4
 Olgreb's Toxic Radiance  Alch           6%         N/A       99%         4
 Vhi's Electric Charge    Tloc/Air       12%        N/A       99%         4
 Arcjolt                  Conj/Air       3%         1d13      100%        5
 Curse of Agony           Necr           6%         N/A       100%        5
 Iskenderun's Battlesphe  Conj           6%         2d6       100%        5
 Metabolic Englaciation   Hex/Ice        3%         N/A       100%        5
 Silence                  Hex/Air        3%         N/A       100%        5
 Summon Forest            Summ/Tloc      3%         N/A       100%        5
 Summon Mana Viper        Hex/Summ       6%         N/A       100%        5
 Yara's Violent Unravell  Hex/Alch       3%         3d4       100%        5
 Bombard                  Conj/Erth      3%         9d1       100%        6
 Plasma Beam              Fire/Air       3%         2x1d13    100%        6
 Sculpt Simulacrum        Ice/Alch       3%         N/A       100%        6
 Starburst                Conj/Fire      3%         6d3       100%        6
 Summon Cactus Giant      Summ           3%         N/A       100%        6
 Haunt                    Necr/Summ      3%         N/A       100%        7
 Spellforged Servitor     Conj/Summ      3%         N/A       100%        7
 Infestation              Necr           3%         N/A       100%        8
 Maxwell's Capacitive Co  Air            3%         ∞         100%        8


Dungeon Overview and Level Annotations

Branches:
Dungeon (15/15)            Temple (0/1) D:7            Lair (5/5) D:11
 Shoals (3/4) Lair:3        Snake (4/4) Lair:2        Slime (0/5) Lair:5
    Orc (2/2) D:9             Elf (0/3) Orc:2        Vaults (0/5) D:13
 Depths (0/4) D:15         Bailey (visited)         Gauntlet (visited)

Altars:
Ashenzari
Cheibriados
Hepliaklqana
Kikubaaqudgha
Makhleb
Okawaru
Qazlal
Sif Muna
Uskayaw
Vehumet
Wu Jian
Xom
Yredelemnul
Jiyva

Shops:
D:2 !   Orc:1 [   Orc:2 (!?=[   Shoals:1 :*   Snake:3 ?

Annotations:
D:8 3 runed translucent doors, Posi's ghost, novice DsBe
D:9 1 runed translucent door, Posi's ghost, novice DjIE
D:13 exclusion: downstairs
D:14 exclusion: door
D:15 2 transporters, Dulih's ghost, journeyman MiBe; Roxanne
Lair:1 3 runed translucent doors, 0gre's ghost, journeyman GnIE; Rudyous's ghost, journeyman DrEE
Lair:5 3 exclusions
Orc:2 Donald


Innate Abilities, Weirdness & Mutations

You can wield a second weapon in your off-hand.
It takes a long time for you to wield or remove held weapons.
Your first few attacks do less damage.
You cannot equip rings or amulets.


Message History

The satyr shoots an arrow.
The arrow hits your tarantella!
The merfolk impaler hits you from afar with a +8 trident of flaming!!
You wake up.
The merfolk impaler burns you!
* * * LOW HITPOINT WARNING * * *
You barely miss the dream sheep with your +4 scimitar of flaming.
You slash the dream sheep with your +2 scimitar of protection!
The dream sheep completely misses you. The dream sheep closely misses you.
The satyr shoots an arrow.
The arrow hits your tarantella!!
Your tarantella dies!
Your tarantella's corpse disappears in a puff of smoke!
The cyclops barely misses you.
The merfolk impaler hits you from afar with a +8 trident of flaming.
* * * LOW HITPOINT WARNING * * *
The merfolk impaler burns you.
* * * LOW HITPOINT WARNING * * *
As you read the scroll of teleportation, it crumbles to dust.
You feel strangely unstable.
The merfolk is no longer sharing its pain.
The merfolk hits you from afar with a +2 heavy halberd.
* * * LOW HITPOINT WARNING * * *
The merfolk impaler barely misses you. The dream sheep headbutts you.
* * * LOW HITPOINT WARNING * * *
The dream sheep headbutts you but does no damage.
The satyr shoots an arrow.
The arrow hits you!!
* * * LOW HITPOINT WARNING * * *
You feel better.
The merfolk impaler hits you from afar with a +8 trident of flaming.
* * * LOW HITPOINT WARNING * * *
The merfolk impaler burns you.
* * * LOW HITPOINT WARNING * * *
The dream sheep completely misses you. The cyclops closely misses you.
The dream sheep headbutts you.
* * * LOW HITPOINT WARNING * * *
The merfolk impaler hits you from afar with a +8 trident of flaming!!
* * * LOW HITPOINT WARNING * * *
The merfolk impaler burns you.
* * * LOW HITPOINT WARNING * * *
The merfolk hits you from afar with a +2 heavy halberd.
You die...
Your body falls in perfect tune with the rhythm.

≈≈≈≈≈~~.....~~~~~~...~~~~~≈≈~~~~
≈≈≈≈≈~~..##....~~...~~~~~~≈≈≈~~~
≈≈≈≈≈~~.##.~~~~~~...P~~~~~≈≈≈~~~
≈≈≈≈≈~~~...~~~~~~...~~P~~~≈≈≈≈≈~
≈≈≈≈≈~~...~~~~~~~~~~..P~~≈≈≈≈≈≈
≈≈≈≈~~~~....~~~~P.....P~≈≈≈≈≈≈
~~......~~~..###..)≈≈≈≈~~
##YYC~).# #..~P≈≈~~~
##@~m.)###..~~≈P~P~
##§~m~~~P...~≈≈~~~.
#...~~..~.~~~≈~~~..
~~....)#.~P~PP~~≈~~~~...
~~~....P.~≈≈≈≈≈≈~~~~....
~~~~..~.w≈≈≈≈≈≈≈~~).....
~~~~~~~~~P~≈≈≈≈≈~~...)..
≈≈~~~c~~P~~≈≈≈≈≈~~......
≈≈≈≈~~~~~~~≈≈≈≈≈~~......


You could see a merfolk impaler (pain bonded, ally target), a satyr (scary), a
merfolk, a cyclops, 2 dream sheep and a friendly steelbarb worm (summoned,
fleeing).

Vanquished Creatures
  Rupert (D:15)
  10 nagarajas (Snake:4)
  A minotaur (Gauntlet)
  Azrael (D:13)
  Snorg (Lair:3)
  3 merfolk javelineers
  5 merfolk impalers
  Josephine (D:10)
  Fannar (D:10)
  5 hydras
  9 centaur warriors
  3 vault guards (D:13)
  An ogre mage (D:15)
  A salamander tyrant (Snake:4)
  A merfolk avatar (Shoals:2)
  2 boulder beetles
  A merfolk aquamancer (Shoals:3)
  14 anacondas
  10 two-headed ogres
  2 death knights (D:13)
  A satyr (Shoals:3)
  3 tengu warriors
  4 death yaks (Lair:4)
  18 naga warriors
  8 shock serpents
  An occultist (D:15)
  5 orc high priests (Orc:2)
  Nergalle (Lair:3)
  3 deep elf knights (D:14)
  15 naga sharpshooters
  Sonja (D:11)
  Lodul (D:10)
  5 salamander mystics
  5 skysharks
  5 sea snakes
  7 naga ritualists
  17 mana vipers
  Pikel (D:7)
  5 deep elf zephyrmancers (D:14)
  3 orc knights (Orc:2)
  6 deep elf pyromancers
  6 orc sorcerers
  A thermic dynamo (D:14)
  8 harpies
  2 necromancers (D:15)
  A wolf spider (Lair:5)
  12 ugly things
  4 cyclopes
  7 fauns
  7 manticores
  12 guardian serpents
  7 salamanders
  44 black mambas
  17 naga magi
  4 merfolk sirens
  3 kobold blastminers
  3 water nymphs (Shoals:3)
  5 gargoyles
  15 cane toads
  A minotaur zombie (Gauntlet)
  4 rime drakes
  5 freezing wraiths
  2 ice devils (Lair:2)
  7 komodo dragons
  Psyche (D:8)
  2 efreet (D:14)
  A troll (shapeshifter) (D:15)
  28 merfolk
  A queen bee (Lair:2)
  12 trolls
  3 wind drakes
  A polar bear (Lair:4)
  A tyrant leech (Gauntlet)
  4 hornets
  13 dream sheep
  2 snapping turtles (Shoals:1)
  12 blink frogs
  9 slime creatures
  2 shadows
  9 water elementals
  Sigmund (D:2)
  A spriggan (Bailey)
  15 wyverns
  9 wraiths
  A vampire (D:13)
  3 steam dragons
  12 yaks
  4 basilisks
  6 fire elementals
  4 redbacks (Lair:5)
  A human (D:9)
  7 vampire mosquitoes
  5 wargs
  Menkaure (D:7)
  3 chaos spawn (D:14)
  3 swamp worms (Gauntlet)
  2 acid dragons
  45 nagas
  25 water moccasins
  A water moccasin (shapeshifter) (D:15)
  Duvessa (D:7)
  2 hell hounds (D:13)
  3 swamp drakes
  20 orc warriors
  3 ice beasts
  5 laughing skulls
  14 ogres
  2 sky beasts (D:7)
  A lemure (D:7)
  12 wolves
  16 centaurs
  A phantom (D:6)
  3 kobold brigands
  A weeping skull (Gauntlet)
  13 bullfrogs
  A gnoll sergeant (D:8)
  5 scorpions
  6 wights (D:10)
  A killer bee (shapeshifter) (D:14)
  Dowan (D:7)
  33 killer bees
  An electric eel (Lair:3)
  A howler monkey (D:9)
  3 hounds
  40 orc priests
  A jelly (D:4)
  A sleepcap (D:6)
  A gnoll bouda (D:9)
  Terence (D:2)
  4 iguanas
  28 orc wizards
  Robin (D:2)
  12 gnolls
  9 adders
  2 white imps
  2 ufetubi (D:7)
  2 dart slugs
  2 ribbon worms (D:2)
  65 orcs
  5 ball pythons
  13 endoplasms
  4 giant cockroaches
  16 goblins
  8 hobgoblins
  2 quokkas
  7 bats
  2 frilled lizards (D:3)
  17 kobolds
  7 rats
1016 creatures vanquished.

Vanquished Creatures (collateral kills)
  A salamander tyrant (Snake:4)
  A vault guard (D:13)
  A merfolk avatar (Shoals:3)
  A naga warrior (Snake:3)
  A mana viper (Snake:3)
  A manticore (Shoals:3)
  A cane toad (Lair:3)
  A gargoyle (D:13)
  A tengu conjurer (D:13)
  A merfolk (Lair:3)
  A troll (D:13)
  4 blink frogs
  A shadow (D:13)
  3 yaks (Lair:3)
  2 nagas (Snake:3)
  A wolf (Lair:3)
  A killer bee (Lair:2)
  4 orc priests (Orc:2)
  An orc wizard (Orc:2)
28 creatures vanquished.

Vanquished Creatures (others)
  A merfolk (Shoals:3)
  A wolf (Lair:3)
  A centaur (D:14)
  A bat (Orc:2)
4 creatures vanquished.

Grand Total: 1048 creatures vanquished

Notes
Turn   | Place    | Note
-------+----------+-------------------------------------------
     0 | D:1      | ragingrage the Coglin Wanderer began the quest for the Orb.
     0 | D:1      | ragingrage set off with the following items: a +0 falchion
                  | {Aida}, a wand of paralysis (10), a +0 helmet, a potion of
                  | lignification, a +0 leather armour, a +0 dagger {Jim}.
     0 | D:1      | Reached XP level 1. HP: 15/15 MP: 1/1
   272 | D:1      | Reached XP level 2. HP: 21/21 MP: 2/2
   509 | D:1      | Reached skill level 1 in Stealth
   772 | D:2      | Reached XP level 3. HP: 26/26 MP: 3/3
   807 | D:2      | Noticed Sigmund
   833 | D:2      | Noticed Robin
  1077 | D:2      | Killed Sigmund
  1078 | D:2      | Reached skill level 5 in Long Blades
  1078 | D:2      | Reached XP level 4. HP: 32/32 MP: 4/4
  1078 | D:2      | Reached XP level 5. HP: 37/37 MP: 5/5
  1271 | D:2      | Reached XP level 6. HP: 43/43 MP: 6/6
  1478 | D:2      | Killed Robin
  1541 | D:2      | Found Wuni's Distillery.
  1575 | D:2      | Bought a potion of degeneration for 10 gold pieces
  1664 | D:2      | Noticed Terence
  1679 | D:2      | Killed Terence
  2466 | D:2      | Bought a potion of curing for 30 gold pieces
  2941 | D:4      | Learned a level 2 spell: Blink
  3005 | D:4      | Reached XP level 7. HP: 42/48 MP: 7/7
  3554 | D:5      | Entered Level 5 of the Dungeon
  3554 | D:5      | Noticed a water elemental
  3555 | D:5      | Found a stormy altar of Qazlal.
  3701 | D:5      | Noticed a fire elemental
  3704 | D:5      | Noticed an air elemental
  3743 | D:5      | Found a radiant altar of Vehumet.
  3905 | D:5      | Found an ancient bone altar of Kikubaaqudgha.
  3906 | D:5      | Found a shimmering blue altar of Sif Muna.
  3913 | D:5      | Got Sif Muna's Papyrus of Imprecation
  4059 | D:5      | Found a hide-covered altar of Uskayaw.
  4461 | D:5      | Became a worshipper of Uskayaw the Reveller
  4476 | D:6      | Reached * piety under Uskayaw
  4479 | D:6      | Reached ** piety under Uskayaw
  4481 | D:6      | Reached skill level 1 in Spellcasting
  4528 | D:6      | Reached XP level 8. HP: 54/54 MP: 11/11
  4637 | D:6      | Found a basalt altar of Yredelemnul.
  4654 | D:6      | Found a burning altar of Makhleb.
  4756 | D:6      | Reached *** piety under Uskayaw
  5227 | D:6      | Found an iron altar of Okawaru.
  5343 | D:6      | Found a snail-covered altar of Cheibriados.
  5355 | D:6      | Found a shimmering altar of Xom.
  5431 | D:7      | Found a staircase to the Ecumenical Temple.
  5510 | D:7      | Reached skill level 5 in Spellcasting
  5726 | D:7      | Noticed Menkaure
  5728 | D:7      | Killed Menkaure
  5729 | D:7      | Reached XP level 9. HP: 59/59 MP: 18/18
  5846 | D:7      | Noticed Pikel
  5863 | D:7      | Killed Pikel
  6099 | D:7      | Noticed Dowan
  6161 | D:7      | Noticed Duvessa
  6176 | D:7      | Killed Duvessa
  6178 | D:7      | Killed Dowan
  6252 | D:7      | Got the Lectures on Toxicants
  6324 | D:7      | Identified the +0 leather armour "Seakhun" {Harm ^Drain
                  | rN++}
  6351 | D:7      | Found a hazy altar of Hepliaklqana.
  6469 | D:7      | You fall into a shaft and drop 2 floors!
  6581 | D:8      | Found a flagged portal.
  6605 | D:8      | Identified the +3 sling of Fury {drain, Int+6}
  6660 | Bailey   | Entered a bailey
  6746 | Bailey   | Noticed a two-headed ogre
  6777 | Bailey   | Killed a two-headed ogre
  6778 | Bailey   | Reached XP level 10. HP: 42/65 MP: 23/23
  6899 | Bailey   | Reached skill level 10 in Spellcasting
  8022 | D:8      | Noticed a two-headed ogre
  8029 | D:8      | Killed a two-headed ogre
  8992 | D:8      | Found a runed translucent gate.
  8992 | D:8      | Found a runed translucent gate.
  8992 | D:8      | Found a runed translucent gate.
  8993 | D:8      | Noticed Posi's ghost (novice DsBe)
  9075 | D:8      | Noticed Psyche
  9091 | D:8      | Killed Psyche
  9814 | D:9      | Noticed a two-headed ogre
  9824 | D:9      | Killed a two-headed ogre
  9965 | D:9      | Reached XP level 11. HP: 26/75 MP: 25/25
 10524 | D:9      | Learned a level 3 spell: Passwall
 10537 | D:9      | Reached skill level 10 in Long Blades
 10790 | D:9      | Found a runed translucent door.
 10798 | D:9      | Noticed Posi's ghost (novice DjIE)
 10804 | D:9      | Found a staircase to the Orcish Mines.
 11348 | D:10     | Entered Level 10 of the Dungeon
 11389 | D:10     | Noticed Fannar
 11669 | D:10     | Noticed Josephine
 11700 | D:10     | Killed Josephine
 11704 | D:10     | Reached **** piety under Uskayaw
 11779 | D:10     | Learned a level 1 spell: Apportation
 11909 | D:10     | Found an ornate altar of the Wu Jian Council.
 12483 | D:11     | HP: 5/108 [killer bee (5)]
 12818 | D:11     | Noticed Sonja
 12819 | D:11     | Killed Sonja
 12857 | D:10     | Noticed a two-headed ogre
 12863 | D:10     | Killed a two-headed ogre
 12964 | D:10     | Noticed a two-headed ogre
 12975 | D:10     | Killed a two-headed ogre
 13105 | D:10     | Noticed Lodul
 13234 | D:11     | Noticed a two-headed ogre
 13246 | D:11     | Killed a two-headed ogre
 13253 | D:11     | Noticed a boulder beetle
 13271 | D:11     | Killed a boulder beetle
 13272 | D:11     | Reached XP level 12. HP: 32/81 MP: 26/26
 13718 | D:11     | Reached skill level 6 in Evocations
 14210 | D:11     | Found a staircase to the Lair.
 14542 | D:12     | Noticed a boulder beetle
 14571 | D:12     | Killed a boulder beetle
 14572 | D:12     | Reached skill level 7 in Evocations
 14936 | Lair:1   | Entered Level 1 of the Lair of Beasts
 14969 | Lair:1   | Reached ***** piety under Uskayaw
 15042 | Lair:1   | Reached skill level 1 in Invocations
 15228 | Lair:1   | Found the amulet of the Four Winds {rN+ Will+++ Clar}
 15839 | Lair:1   | Reached skill level 1 in Short Blades
 16196 | Lair:1   | Found a runed translucent gate.
 16196 | Lair:1   | Found a runed translucent gate.
 16199 | Lair:1   | Found a runed translucent gate.
 16200 | Lair:1   | Noticed 0gre's ghost (journeyman GnIE)
 16200 | Lair:1   | Noticed Rudyous's ghost (journeyman DrEE)
 16306 | Lair:1   | Identified the +2 flail of Lies {elec, +Blink}
 16312 | Lair:1   | Identified the +0 chain mail "Pexzesic" {rElec rF+ rC+
                  | Dex-5}
 16711 | Lair:2   | Reached skill level 8 in Evocations
 17046 | Lair:3   | Found a shimmering altar of Xom.
 17382 | Lair:2   | Reached skill level 5 in Fighting
 17382 | Lair:2   | Reached XP level 13. HP: 76/91 MP: 27/27
 17507 | Lair:2   | Reached skill level 9 in Evocations
 18320 | Lair:3   | You fall into a shaft and drop 1 floor!
 18507 | Lair:3   | Noticed Snorg
 18732 | Lair:3   | Killed Snorg
 18825 | Lair:3   | Noticed Nergalle
 18908 | Lair:3   | Killed Nergalle
 19018 | Lair:3   | Reached skill level 5 in Dodging
 19071 | Lair:3   | Found a staircase to the Shoals.
 19486 | Lair:5   | Entered Level 5 of the Lair of Beasts
 19490 | Lair:5   | Reached skill level 10 in Evocations
 20475 | Lair:4   | Reached skill level 5 in Short Blades
 20488 | Lair:4   | Reached skill level 5 in Invocations
 21579 | Lair:5   | Reached XP level 14. HP: 70/101 MP: 28/28
 21605 | Lair:5   | Acquired a hydrotungsten module {Rampage Acrobat rElec
                  | Slay+3}
 22062 | Lair:5   | Found a staircase to the Slime Pits.
 22062 | Lair:5   | Found a viscous altar of Jiyva.
 22130 | Lair:5   | Reached ****** piety under Uskayaw
 24356 | Lair:2   | Found a staircase to the Snake Pit.
 25006 | D:2      | Bought a potion of brilliance for 40 gold pieces
 25007 | D:2      | Bought a potion of resistance for 100 gold pieces
 26214 | D:12     | Reached skill level 1 in Throwing
 26453 | Orc:1    | Entered Level 1 of the Orcish Mines
 26544 | Orc:1    | You fall into a shaft and drop 1 floor!
 26544 | Orc:2    | Entered Level 2 of the Orcish Mines
 26583 | Orc:2    | Found a staircase to the Elven Halls.
 27382 | Orc:2    | Paralysed by an orc sorcerer for 4 turns
 27699 | Orc:2    | Noticed Nessos
 27722 | Orc:2    | Found Nikky's Weapon Boutique.
 27898 | Orc:2    | Paralysed by an orc sorcerer for 5 turns
 28107 | Orc:2    | Noticed Donald
 28408 | Orc:2    | Paralysed by an orc sorcerer for 4 turns
 28754 | Orc:2    | Reached skill level 11 in Evocations
 28804 | Orc:2    | Paralysed by an orc sorcerer for 3 turns
 28813 | Orc:2    | Reached XP level 15. HP: 114/114 MP: 29/29
 29747 | Orc:1    | Found Larcheemu's Antique Armour Shop.
 30451 | Orc:2    | Found Posop's Antique Armour Shop.
 30451 | Orc:2    | Found Pofiom's Jewellery Shop.
 30452 | Orc:2    | Found Zyptuf's Distillery.
 30456 | Orc:2    | Found Vueto's Magic Scroll Boutique.
 30461 | Orc:2    | Bought a potion of berserk rage for 90 gold pieces
 30465 | Orc:2    | Bought a potion of experience for 900 gold pieces
 30465 | Orc:2    | Bought a potion of invisibility for 144 gold pieces
 30465 | Orc:2    | Reached XP level 16. HP: 126/126 MP: 30/30
 30541 | Orc:2    | Nessos changed into Nessos the anaconda
 30541 | Orc:2    | Noticed Nessos
 30547 | Orc:2    | Killed Nessos the anaconda
 31073 | D:10     | Killed Fannar
 31191 | D:10     | Identified the ring "Rauklu Tyamp" {rElec EV+5 Str+2 Dex+4}
 31303 | D:10     | Killed Lodul
 31628 | D:13     | Found a gate to the Vaults.
 31666 | D:13     | Reached skill level 12 in Evocations
 31801 | D:13     | Found a broken altar of Ashenzari.
 32544 | D:13     | Noticed Azrael
 33003 | D:13     | Killed Azrael
 34453 | D:14     | Found a shimmering altar of Xom.
 34595 | D:14     | Found the +7 mace of Variability {chaos, chaos arc}
 34741 | D:14     | Reached skill level 13 in Evocations
 35221 | D:14     | Reached skill level 10 in Dodging
 36235 | D:15     | Entered Level 15 of the Dungeon
 36238 | D:15     | Found a transporter.
 36240 | D:15     | Noticed Dulih's ghost (journeyman MiBe)
 36248 | D:15     | Found a staircase to the Depths.
 36304 | D:15     | Found a gate leading to a gauntlet.
 36388 | Gauntlet | Entered a Gauntlet
 36388 | Gauntlet | Found a transporter.
 36388 | Gauntlet | Found a transporter.
 36388 | Gauntlet | Found a transporter.
 36486 | Gauntlet | Found a transporter.
 36501 | Gauntlet | Found a transporter.
 36511 | Gauntlet | Found a transporter.
 36523 | Gauntlet | Found a transporter.
 36536 | Gauntlet | Found a transporter.
 36542 | Gauntlet | Found a transporter.
 36554 | Gauntlet | Found the +3 pair of mountain boots {steadfast, rC+}
 36556 | Gauntlet | Found a transporter.
 36573 | Gauntlet | Found a transporter.
 36577 | Gauntlet | Found a transporter.
 36679 | Gauntlet | Reached XP level 17. HP: 127/131 MP: 31/31
 36913 | Gauntlet | Identified the ring "Ujinafag" {Fire rElec rPois Str+3
                  | Int+4}
 37048 | D:15     | Found a transporter.
 37174 | D:15     | Reached skill level 14 in Evocations
 37194 | D:15     | Noticed Rupert
 37206 | D:15     | Killed Rupert
 37310 | D:15     | Noticed Roxanne
 37923 | Snake:1  | Entered Level 1 of the Snake Pit
 38106 | Snake:1  | Found a burning altar of Makhleb.
 39650 | Snake:2  | Reached skill level 15 in Evocations
 40283 | Snake:2  | Reached skill level 10 in Invocations
 41631 | Snake:3  | Found Jofuadusk's Magic Scroll Emporium.
 41635 | Snake:3  | Bought a scroll of teleportation for 51 gold pieces
 41635 | Snake:3  | Bought a scroll of identify for 34 gold pieces
 41635 | Snake:3  | Bought a scroll of identify for 34 gold pieces
 41635 | Snake:3  | Bought a scroll of identify for 34 gold pieces
 41635 | Snake:3  | Bought a scroll of identify for 34 gold pieces
 41814 | Snake:3  | Identified the +0 buckler of Liuciliq {Will+}
 41827 | Snake:3  | Reached XP level 18. HP: 132/147 MP: 30/32
 42627 | Snake:4  | Entered Level 4 of the Snake Pit
 42699 | Snake:3  | Reached skill level 15 in Fighting
 44213 | Snake:4  | Found the +13 scythe of Curses {drain, curses, ^Drain}
 47159 | Snake:4  | HP: 6/149 [constriction (8)]
 47748 | Snake:4  | Got a serpentine rune of Zot
 48032 | Shoals:1 | Entered Level 1 of the Shoals
 48113 | Shoals:1 | Found Discheg's Book Emporium.
 48113 | Shoals:1 | Noticed a walking earthen tome
 48113 | Shoals:1 | Noticed a walking frostbound tome
 48173 | Shoals:1 | Reached skill level 16 in Evocations
 48185 | Shoals:1 | Reached XP level 19. HP: 145/156 MP: 33/33
 48195 | Shoals:1 | Found Toyxon's CLEARANCE SALE!.
 48199 | Shoals:1 | Bought a scroll of identify for 6 gold pieces
 48199 | Shoals:1 | Bought a scroll of poison for 12 gold pieces
 49389 | Shoals:2 | Reached XP level 20. HP: 165/165 MP: 34/34
 49456 | Shoals:2 | Reached skill level 17 in Evocations
 51456 | Shoals:3 | Identified the +3 ring mail "Wuisu" {rPois rN+}
 51472 | Shoals:3 | HP: 4/165 [merfolk impaler/+8 trident of flaming (18)]
 51472 | Shoals:3 | Slain by a merfolk

Illustrated notes

Levels and vault maps discovered:
D:1:      minmay_arrival_three_doors, layout_basic, serial_co_window_serial,
          co_window_paths_a, co_window_paths_b, co_window_of_opportunity_a,
          co_window_corner_a, co_window_paths_a, co_window_of_opportunity_c,
          co_window_paths_c, co_window_of_opportunity_c, co_window_broadway_c
D:2:      layout_basic, serial_shops, nicolae_shop_industrial_runoff,
          chequers_serial_rivers_large_a, uniq_terence, uniq_sigmund, uniq_robin
D:3:      layout_rooms
D:4:      nicolae_cairo_tiling_large_dashed, layout_gridville
D:5:      layout_gridville, grunt_temple_overflow_magic_moments,
          mainiacjoe_overflow_boulevard, nicolae_qazlal_style_of_elements,
          roderic_lattice_a
D:6:      layout_basic, mainiacjoe_overflow_paths,
          nicolae_overflow_quartered_altars, roderic_roman_lattice
D:7:      layout_loops_corners, nzn_hepliaklqana_mist_gate,
          minmay_temple_entry_large_hall, uniq_pikel, uniq_duvessa,
          uniq_menkaure
D:8:      layout_loops_ring, enter_bailey_2, gammafunk_ghost_necromancy,
          uniq_psyche
D:9:      layout_roguey, erik_orc_4, ebering_ghost_reflecting_pool
D:10:     layout_irregular_city, nicolae_wu_jian_wuxing_cycle, uniq_josephine,
          uniq_fannar, uniq_lodul
D:11:     layout_gridville, erik_lair_dragon, uniq_sonja
D:12:     layout_irregular_city, skrybe_limestone_x
D:13:     layout_small_grid, lightli_vaults_fourway_checkpoint,
          ashenzari_altar_1, uniq_azrael
D:14:     dpeg_index_elf_rogue_hall, layout_stronghold, minmay_misc_feat_rugged,
          minmay_guarded_unrand_variability
D:15:     hangedman_depths_entry_civil_slaughter, layout_rooms,
          gammafunk_ghost_berserking_beasts, gauntlet_entry_generic,
          uniq_roxanne, uniq_rupert
Lair:1:   layout_cave_pods, gammafunk_ghost_cemetery, st_stairs_4,
          grunt_megastairs_5, infiniplex_staircase_pool_2, lemuel_fruit_fields
Lair:2:   layout_small_grid, nicolae_snake_entry_squirm,
          portal_ice_cave_demonic_guard, special_room [special_room_bee],
          nicolae_quartered_pool_little
Lair:3:   layout_roguey, elwin_shoals_entry_rooms, basic_altar, uniq_nergalle,
          uniq_snorg
Lair:4:   layout_misc_corridors
Lair:5:   hangedman_lair_tendril_chambers, layout_misc_corridors,
          guppyfry_lair_end_dragon, slime_entry_1
Shoals:1: layout_shoals, serial_shops, nicolae_shop_mannequins,
          nicolae_shop_clearance
Shoals:2: layout_shoals, ldierk_geyser, nicolae_shoals_square_sea_wall,
          nicolae_shoals_lost_giant_pillars
Shoals:3: layout_shoals, nicolae_shoals_wave_tunnel
Snake:1:  layout_onion_interference, basic_altar
Snake:2:  layout_misc_corridors, serial_library_hellmonk_angled_corner,
          hangedman_snake_thin_pillar_pass, st_stairs_9, drop_trap
Snake:3:  layout_onion_interference, serial_shops, nicolae_shop_hallway_stairs,
          grunt_megastairs_2, serial_bayou_shore_b
Snake:4:  grunt_snake_rune_spirals, layout_onion, st_stairs_5,
          nrook_guardian_serpent_ordinary
Orc:1:    minmay_goldmine, layout_diamond_mine, serial_shops, shop
Orc:2:    st_orc_mages, layout_diamond_mine, serial_shops, shop,
          blackcustard_mines_bat_river, uniq_nessos, uniq_donald

Skill      XL: |  1  2  3  4  5  6  7  8  9 10 11 12 13 14 15 16 17 18 19 20 |
---------------+-------------------------------------------------------------+-----
Stealth        | 1 2 4 |  4.0
Long Blades    | 3 5 6 8 9 13 14 | 14.0
Spellcasting   | 2 6 9 10 | 10.8
Fighting       | 3 5 6 9 11 12 14 15 16 | 16.2
Evocations     | 8 10 11 13 15 16 17 | 17.0
Dodging        | 4 6 8 10 11 12 13 | 13.8
Invocations    | 3 5 6 8 10 12 | 12.0
Short Blades   | 3 5 |  5.4
Throwing       | 2 |  2.0
Armour         | |  1.0

Action                     |  1- 3 |  4- 6 |  7- 9 | 10-12 | 13-15 | 16-18 | 19-21 || total
---------------------------+-------+-------+-------+-------+-------+-------+-------++-------
  Melee: Falchion          |    48 |   127 |   311 |    60 |       |       |       ||   546
         Dagger            |    41 |   111 |   311 |   606 |   700 |       |       ||  1769
         Scimitar          |       |       |       |   505 |   893 |  1771 |   470 ||  3639
         Short sword       |       |       |       |    67 |       |       |       ||    67
  Throw: Dart              |       |    10 |    21 |    81 |    83 |    20 |     1 ||   216
         Throwing net      |       |       |       |       |     1 |       |       ||     1
 Invoke: Line Pass         |       |       |       |       |     2 |       |       ||     2
         Stomp             |       |       |       |       |     1 |       |       ||     1
Ability: Invent Gizmo      |       |       |       |       |     1 |       |       ||     1
  Evoke: Wand              |     1 |     1 |     4 |    10 |    19 |     7 |     7 ||    49
         Sack of spiders   |       |       |       |     2 |     4 |     4 |     1 ||    11
    Use: Scroll            |     4 |       |     2 |    11 |    11 |     8 |     2 ||    38
         Potion            |       |       |       |     7 |     6 |     4 |     2 ||    19
   Stab: Paralysed         |     3 |       |    19 |    32 |    49 |   100 |    30 ||   233
         Sleeping          |       |       |       |     2 |     2 |    10 |     2 ||    16
         Distracted        |       |       |       |     1 |     5 |    10 |     1 ||    17
         Held in net/web   |       |       |       |       |     5 |     3 |       ||     8
         Confused          |       |       |       |       |       |     1 |       ||     1
 Armour: Leather armour    |    21 |       |       |       |       |       |       ||    21
         Ice dragon scales |     1 |    38 |     5 |       |     5 |     3 |       ||    52
         Scale mail        |       |    42 |   188 |   422 |   370 |   703 |   212 ||  1937
         Steam dragon scal |       |       |       |    18 |       |       |       ||    18
         Skin              |       |       |       |    31 |     8 |       |       ||    39
         Troll leather arm |       |       |       |       |    49 |       |       ||    49
         Robe              |       |       |       |       |       |     1 |       ||     1
  Dodge: Dodged            |    28 |    40 |    80 |   215 |   319 |   693 |   219 ||  1594

Table legend: (Time is in decaauts)
 A = Elapsed time spent in this place.
 B = Non-inter-level travel time spent in this place.
 C = Inter-level travel time spent in this place.
 D = Time resting spent in this place.
 E = Time spent auto-exploring this place.
 F = Levels seen in this place.
 G = Mean time per level.
                   A        B        C        D        E       F      G
               +--------+--------+--------+--------+--------+-----+--------+
         Total |  50650 |  47712 |   2938 |  17605 |  20656 |  31 | 1633.9 |
       Dungeon |  21314 |  19463 |   1851 |   5789 |   9832 |  15 | 1420.9 |
          Lair |   9863 |   9317 |    546 |   3734 |   3774 |   5 | 1972.6 |
        Shoals |   3541 |   3471 |     70 |    872 |   1887 |   3 | 1180.3 |
     Snake Pit |   9894 |   9537 |    357 |   4128 |   3666 |   4 | 2473.5 |
  Orcish Mines |   4350 |   4237 |    113 |   2114 |   1191 |   2 | 2175.0 |
        Bailey |   1078 |   1078 |      0 |    825 |     68 |   1 | 1078.0 |
      Gauntlet |    608 |    608 |      0 |    142 |    237 |   1 |  608.0 |
               +--------+--------+--------+--------+--------+-----+--------+

Top non-repeatable levels by time:
 Snake:4: 4890 daAuts
   Orc:2: 3418 daAuts
    D:14: 2530 daAuts
  Lair:2: 2300 daAuts
  Lair:5: 2239 daAuts
    D:11: 2179 daAuts
 Snake:3: 2083 daAuts
  Lair:1: 2051 daAuts
    D:10: 1864 daAuts
     D:9: 1724 daAuts
     D:8: 1707 daAuts
    D:12: 1694 daAuts
  Lair:3: 1674 daAuts
    D:13: 1615 daAuts
  Lair:4: 1597 daAuts
